 Dungeon Crawl Stone Soup version 0.31-a0-981-geadf994542 (webtiles) character file.

Game seed: 1538204548094222653

146143 GordonOverkill the Stormcaller (level 17, -3/104 HPs)
             Began as a Tengu Delver on Oct 31, 2023.
             Was a High Priest of Sif Muna.
             Killed by an exploding ball lightning (32 damage)
             ... on level 3 of the Snake Pit.
             The game lasted 01:42:18 (61548 turns).

GordonOverkill the Stormcaller (Tengu Delver)      Turns: 61548, Time: 01:42:19

Health: -3/104     AC: 10    Str: 20    XL:     17   Next: 43%
Magic:  30/41      EV: 18    Int: 28    God:    Sif Muna [*****.]
Gold:   1055       SH:  8    Dex: 20    Spells: 11/36 levels left

rFire   + . .        A - +8 demon blade of the Beast {protect, rPois rC+++ Int+3 Stlth+}
rCold   + + +        h - +1 buckler of the Akabeko {Int+5}
rNeg    . . .        Y - +2 robe {rF+}
rPois   +            (helmet restricted)
rElec   .            Z - +2 cloak
rCorr   .            g - +2 pair of gloves
SInv    .            (boots unavailable)
Will    +....        e - amulet of magic regeneration
Stlth   ++++         V - +4 ring of slaying
HPRegen 0.37/turn    X - ring of Numuwoaff {Contam MP+9 Str+6 Int+3 Dex+4}
MPRegen 0.67/turn

%: acrobat
@: flying
A: beak, talons 3, evasive flight, acrobatic
a: Renounce Religion, Channel Magic, Forget Spell, Divine Exegesis


You were on level 3 of the Snake Pit.
You worshipped Sif Muna.
Sif Muna was extremely pleased with you.
You visited 5 branches of the dungeon, and saw 26 of its levels.
You also visited: Bailey.

You collected 3320 gold pieces.
You spent 2265 gold pieces at shops.

Inventory:

Hand Weapons
 t - a +9 dagger of electrocution
 A - the +8 demon blade of the Beast (weapon) {protect, rPois rC+++ Int+3 Stlth+}
   (You found it in a bailey)

   Int+3:     It affects your intelligence (+3).
   rC+++:     It renders you almost immune to cold.
   rPois:     It protects you from poison Stlth+: It makes you more stealthy.
 L - a +4 dagger of venom
Missiles
 q - 2 throwing nets
 v - 14 curare-tipped darts
Armour
 g - a +2 pair of gloves (worn)
 h - the +1 buckler of the Akabeko (worn) {Int+5}
   (You acquired it on level 2 of the Orcish Mines)

   Int+5:     It affects your intelligence (+5).
 Y - a +2 robe of fire resistance (worn)
 Z - a +2 cloak (worn)
Jewellery
 e - an amulet of magic regeneration (around neck)
 u - a ring of fire
 y - a ring of protection from fire
 M - a ring of see invisible
 N - a ring of wizardry
 T - a ring of ice
 V - a +4 ring of slaying (left hand)
 X - the ring of Numuwoaff (right hand) {Contam MP+9 Str+6 Int+3 Dex+4}
   (You bought it in a shop on level 14 of the Dungeon)

   [ring of strength]

   Str+6:     It affects your strength (+6).
   Int+3:     It affects your intelligence (+3).
   Dex+4:     It affects your dexterity (+4).
   MP+9:      It affects your magic capacity (+9).
   Contam:    It causes magical contamination when unequipped.
Wands
 a - a wand of quicksilver (10)
 o - a wand of roots (10)
 E - a wand of paralysis (9)
 O - a wand of polymorph (18)
 U - a wand of flame (7)
 W - a wand of mindburst (6)
Scrolls
 b - a scroll of fear
 c - a scroll of fog
 d - 2 scrolls of identify
 f - 2 scrolls of vulnerability
 j - a scroll of amnesia
 k - 6 scrolls of teleportation
 l - 2 scrolls of immolation
 m - 4 scrolls of revelation
 n - 2 scrolls of brand weapon
 x - a scroll of silence
 G - a scroll of butterflies
 K - a scroll of torment
Potions
 i - 2 potions of heal wounds
 p - a potion of ambrosia
 r - a potion of resistance
 s - 5 potions of might
 w - 3 potions of curing
 z - 6 potions of lignification
 B - a potion of brilliance
 C - a potion of cancellation
 D - 3 potions of haste
 F - a potion of magic
 H - 4 potions of attraction
 I - 2 potions of berserk rage
 J - a potion of mutation
 Q - 5 potions of enlightenment
Miscellaneous
 P - a condenser vane


   Skills:
 - Level 11.0 Fighting
 - Level 3.0(6.8) Short Blades
 - Level 9.7(10.0) Long Blades
 - Level 4.0 Dodging
 - Level 5.0 Stealth
 - Level 10.0 Shields
 - Level 10.0 Spellcasting
 - Level 12.0 Conjurations
 - Level 10.0 Necromancy
 - Level 2.0 Translocations
 + Level 8.4 Ice Magic
 - Level 18.0 Air Magic
 - Level 10.0 Invocations
 - Level 5.0 Evocations


You had 11 spell levels left.
You knew the following spells:

 Your Spells              Type           Power      Damage    Failure   Level
a - Airstrike             Air            43%        2d(7-23)  1%          4
b - Swiftness             Air            86%        N/A       0%          3
c - Apportation           Tloc           50%        N/A       1%          1
d - Blink                 Tloc           50%        N/A       3%          2
e - Dispel Undead         Necr           63%        3d22      1%          4
f - Arcjolt               Conj/Air       39%        1d49      1%          5
g - Conjure Ball Lightni  Conj/Air       39%        3x3d13    1%          6

Your spell library contained the following spells:

 Spells                   Type           Power      Damage    Failure   Level
 Shock                    Conj/Air       100%       1d9       0%          1
 Static Discharge         Conj/Air       100%       3-8/arc   0%          2
 Foxfire                  Conj/Fire      100%       2x1d9     1%          1
 Kiss of Death            Conj/Necr      100%       2d13      1%          1
 Magic Dart               Conj           100%       1d8       1%          1
 Necrotise                Necr           100%       1d9       1%          1
 Momentum Strike          Conj/Tloc      100%       3d10      1%          2
 Hailstorm                Conj/Ice       63%        3d13      1%          3
 Mephitic Cloud           Conj/Pois/Air  63%        N/A       1%          3
 Stone Arrow              Conj/Erth      94%        3d12      1%          3
 Vampiric Draining        Necr           63%        2d10      1%          3
 Agony                    Necr           63%        N/A       1%          5
 Freezing Cloud           Conj/Ice/Air   36%        6-21      1%          5
 Iskenderun's Battlesphe  Conj           69%        2d12      1%          5
 Iskenderun's Mystic Bla  Conj/Tloc      52%        2d11      2%          4
 Lesser Beckoning         Tloc           50%        N/A       3%          2
 Brom's Barrelling Bould  Conj/Erth      47%        2d6       3%          4
 Flame Wave               Conj/Fire      47%        2d12      3%          4
 Fulminant Prism          Conj/Hex       23%        3d12      3%          4
 Sticky Flame             Conj/Fire      47%        2d6       3%          4
 Silence                  Hex/Air        29%        N/A       3%          5
 Sandblast                Erth           28%        2d8       4%          1
 Summon Small Mammal      Summ           56%        N/A       4%          1
 Gell's Gravitas          Tloc           25%        N/A       6%          3
 Anguish                  Hex/Necr       21%        N/A       6%          4
 Call Imp                 Summ           28%        N/A       7%          2
 Jinxbite                 Hex            28%        N/A       7%          2
 Passwall                 Tmut/Erth      11%        N/A       7%          2
 Wereblood                Tmut           14%        N/A       7%          2
 Volatile Blastmotes      Fire/Tloc      38%        2d13      9%          3
 Fireball                 Conj/Fire      23%        3d11      11%         5
 Irradiate                Conj/Tmut      23%        3d19      11%         5
 Call Canine Familiar     Summ           14%        N/A       14%         3
 Confusing Touch          Hex            14%        N/A       14%         3
 Ignite Poison            Fire/Tmut/Pois 14%        N/A       14%         3
 Inner Flame              Hex/Fire       14%        N/A       14%         3
 Sigil of Binding         Hex            14%        N/A       14%         3
 Summon Guardian Golem    Hex/Summ       14%        N/A       14%         3
 Tukima's Dance           Hex            14%        N/A       14%         3
 Manifold Assault         Tloc           25%        N/A       21%         4
 Passage of Golubria      Tloc           25%        N/A       21%         4
 Dimensional Bullseye     Hex/Tloc       9%         N/A       30%         4
 Leda's Liquefaction      Hex/Erth       7%         N/A       41%         4
 Petrify                  Tmut/Erth      14%        N/A       41%         4
 Bombard                  Conj/Erth      23%        9d4       52%         6
 Summon Forest            Summ/Tloc      9%         N/A       63%         5
 Alistair's Intoxication  Tmut/Pois      9%         N/A       77%         5
 Yara's Violent Unravell  Hex/Tmut       7%         3d5       77%         5
 Spellforged Servitor     Conj/Summ      23%        N/A       97%         7
 Enfeeble                 Hex            7%         N/A       100%        7
 Malign Gateway           Summ/Tloc      9%         N/A       100%        7
 Ignition                 Fire           7%         3d4       100%        8
 Lehudib's Crystal Spear  Conj/Erth      23%        10d7      100%        8
 Summon Horrible Things   Summ           7%         N/A       100%        8


Dungeon Overview and Level Annotations

Branches:
Dungeon (15/15)            Temple (0/1) D:7            Lair (5/5) D:8
 Shoals (1/4) Lair:2        Snake (3/4) Lair:2        Slime (0/5) Lair:5
    Orc (2/2) D:9             Elf (0/3) Orc:2        Vaults (0/5) D:13
 Depths (0/4) D:15         Bailey (visited)

Altars:
Dithmenos
Gozag
Makhleb
Nemelex Xobeh
Okawaru
Qazlal
Sif Muna
Trog
Wu Jian
Zin
The Shining One
Jiyva

Shops:
D:5 [   D:6 *   D:12 (   D:14 (=*   Orc:2 ?:[(   Snake:2 [[=

Annotations:
D:3 1 runed translucent door, Troll's ghost, amateur DsBe
D:4 exclusion: ogre, Menkaure
D:8 3 runed translucent doors, tish's ghost, novice TrFi
D:14 exclusion: downstairs
Lair:1 exclusion: boulder beetle
Lair:2 1 runed translucent door, Rupert
Snake:1 Mlioglotl
Snake:3 2 transporters, exclusion: orange crystal statue, Vashnia


Innate Abilities, Weirdness & Mutations

You have a beak for a mouth.
You have claws for feet.
Your magical flight helps you evade attacks. (EV +4)
You can magically evade attacks while moving or waiting.


Message History

The blast of lightning engulfs your ball lightning.
Your ball lightning completely resists.
The blast of lightning engulfs Vashnia!
Vashnia is moderately wounded.
The blast of lightning engulfs your ball lightning.
Your ball lightning completely resists.
The blast of lightning engulfs your ball lightning.
Your ball lightning completely resists.
Your ball lightning explodes!
The blast of lightning engulfs your ball lightning.
Your ball lightning completely resists.
The blast of lightning engulfs Vashnia!!!
Vashnia is heavily wounded.
The blast of lightning engulfs your ball lightning.
Your ball lightning completely resists.
Vashnia mumbles some strange words.
Vashnia blinks!
There are monsters nearby!
Your ball lightning explodes!
The blast of lightning engulfs your ball lightning.
Your ball lightning completely resists.
The blast of lightning engulfs you!
Your ball lightning explodes!
The blast of lightning engulfs you!!
* * * LOW HITPOINT WARNING * * *
You start resting.
Vashnia is nearby!
Casting: Conjure Ball Lightning (dangerous; 1% risk of failure)
Confirm with . or Enter, or press ? or * to list all spells.
You create some ball lightning! 3 ball lightnings come into view.
Vashnia shoots a bolt.
The bolt hits you!!!
* * * LOW HITPOINT WARNING * * *
You swap places.
Vashnia spits poison at you. The splash of poison misses you.
There is a stone staircase leading up here.
Your ball lightning explodes!
The blast of lightning engulfs you!!
You die...

*,,,******#...#.,##.##..# ###..
,,,,* *#...###..#...### ###§.
,,,,* *#...#.........###....
,**** #......##..........#. **
#.....####..>###...## * ##.....#
#....####..# #.....## #.....#
#..# #....§####.....####.#
####...§@§##.......# #.##
#########....#§§§.##.......###.<#
#....##.....#...§*.#.######..##.#
#.......###......*.N.## *#....#
#......## ####.....#..## ##...#
..###.## ##..#####.### ##... ###
#.# #### ##..# ##.. ..# #.# #..#
#... ### ### #### ###.


You could see Vashnia (catching breath, ally target) and 2 friendly ball
lightnings.

Vanquished Creatures
  Donald (Orc:2)
  Roxanne (D:15)
  An ettin (Orc:2)
  4 hydras
  3 rakshasas
  2 catoblepae
  2 centaur warriors
  A sphinx skeleton (D:15)
  4 ogre magi (Orc:2)
  7 anacondas
  18 two-headed ogres
  10 death yaks
  9 naga sharpshooters
  2 tengu warriors
  An orc high priest (Orc:2)
  3 naga warriors
  5 shock serpents
  A deep troll shaman (Lair:5)
  2 occultists (D:15)
  Sonja (D:10)
  A salamander mystic (Snake:3)
  A skyshark (Lair:4)
  A fire crab (Lair:5)
  5 skeletal warriors
  11 sea snakes
  5 naga ritualists
  An arcanist (D:13)
  A deep elf pyromancer (D:12)
  2 necromancers
  A lindwurm (Lair:5)
  6 orc knights
  A wolf spider zombie (D:15)
  4 orc sorcerers (Orc:1)
  11 mana vipers
  4 cyclopes
  5 ugly things
  7 salamanders
  A deep elf zephyrmancer (D:15)
  4 manticores
  A guardian serpent (Snake:2)
  9 naga magi
  11 elephants (Lair:5)
  31 black mambas
  A centaur skeleton (D:15)
  14 cane toads
  A gargoyle (D:10)
  3 unseen horrors
  3 rime drakes
  9 komodo dragons
  A yaktaur (D:13)
  A kobold demonologist (D:12)
  2 tengu conjurers
  An efreet (D:15)
  2 polar bears (Lair:5)
  6 meliai
  5 trolls
  26 blink frogs
  A hornet (D:11)
  Grinder (D:3)
  6 dream sheep (Lair:4)
  19 slime creatures
  A centaur simulacrum (D:15)
  2 vampires
  Sigmund (D:3)
  43 yaks
  A water elemental (D:14)
  2 shadows
  2 wraiths
  4 wyverns
  A human (Lair:2)
  A fire elemental (D:11)
  A steam dragon (D:8)
  Grum (D:11)
  7 basilisks
  12 vampire mosquitoes
  3 wargs
  16 nagas
  28 water moccasins
  5 acid dragons
  22 orc warriors
  4 black bears
  5 boggarts (D:15)
  37 wolves
  25 ogres
  3 centaurs
  5 kobold brigands
  12 bullfrogs
  A scorpion (D:5)
  18 wights
  10 killer bees
  4 howler monkeys
  10 electric eels
  6 lava snakes (D:11)
  4 jellies (Lair:5)
  21 orc priests
  2 hounds
  A sleepcap (D:5)
  Natasha (thrice) (D:4)
  16 orc wizards
  8 iguanas
  A hell rat (Lair:5)
  Ijyb (D:4)
  Robin (D:3)
  7 gnolls
  11 adders
  A shadow imp (D:5)
  3 white imps
  2 ufetubi (D:5)
  4 worms (D:2)
  2 dart slugs
  57 orcs
  4 ball pythons
  11 endoplasms
  5 giant cockroaches
  10 hobgoblins
  16 kobolds
  7 quokkas
  4 bats
  5 frilled lizards
  18 goblins
  4 rats
826 creatures vanquished.

Vanquished Creatures (others)
  18 ball lightnings (Snake:3)
  A tentacle (Shoals:1)
19 creatures vanquished.

Grand Total: 845 creatures vanquished

Notes
Turn   | Place    | Note
-------+----------+-------------------------------------------
     0 | D:5      | GordonOverkill the Tengu Delver began the quest for the
                  | Orb.
     0 | D:5      | Reached XP level 1. HP: 14/14 MP: 2/2
     7 | D:5      | Became a worshipper of Sif Muna the Loreminder
    25 | D:6      | Noticed a wight
    38 | D:6      | Noticed an iguana
    56 | D:5      | Reached XP level 2. HP: 15/19 MP: 3/3
    75 | D:5      | Found a burning altar of Makhleb.
   163 | D:5      | Noticed a scorpion
   254 | D:5      | Reached skill level 1 in Invocations
   271 | D:5      | Found Otyacas's Armour Boutique.
   295 | D:5      | Reached XP level 3. HP: 23/23 MP: 3/5
   303 | D:5      | Noticed an ogre
   470 | D:4      | Reached XP level 4. HP: 28/28 MP: 5/7
   654 | D:4      | Noticed an ogre
   739 | D:4      | Noticed Natasha
   751 | D:4      | Killed Natasha
   752 | D:4      | Reached skill level 1 in Spellcasting
   818 | D:4      | Noticed Natasha
   826 | D:3      | Reached XP level 5. HP: 24/32 MP: 8/8
   940 | D:3      | Noticed Grinder
   945 | D:3      | Paralysed by Grinder for 4 turns
   957 | D:3      | Killed Grinder
   958 | D:3      | Reached XP level 6. HP: 4/37 MP: 9/11
  1436 | D:1      | Reached * piety under Sif Muna
  2302 | D:2      | Learned a level 4 spell: Airstrike
  2610 | D:2      | Reached skill level 1 in Air Magic
  3011 | D:3      | Noticed Sigmund
  3098 | D:3      | Noticed Robin
  3210 | D:3      | Killed Sigmund
  3211 | D:3      | Reached skill level 4 in Air Magic
  3211 | D:3      | Gained mutation: Your magical flight helps you evade
                  | attacks. (EV +4) [Tengu growth]
  3211 | D:3      | Reached XP level 7. HP: 41/41 MP: 12/12
  3388 | D:3      | Killed Robin
  3577 | D:3      | Found a runed translucent door.
  3577 | D:3      | Noticed Troll's ghost (amateur DsBe)
  3883 | D:4      | Killed Natasha
  3884 | D:4      | Reached skill level 5 in Air Magic
  3920 | D:4      | Noticed Natasha
  3934 | D:4      | Killed Natasha
  4019 | D:4      | Reached ** piety under Sif Muna
  4035 | D:4      | Identified the +1 ring mail of Hairiness {+Blink Will+
                  | Slay-2 Stlth+}
  4051 | D:4      | Noticed Ijyb
  4074 | D:4      | Noticed Menkaure
  4689 | D:4      | Killed Ijyb
  4701 | D:4      | Reached XP level 8. HP: 19/46 MP: 15/15
  5131 | D:5      | Reached skill level 5 in Spellcasting
  5285 | D:5      | Reached skill level 6 in Air Magic
  5904 | D:5      | Reached skill level 7 in Air Magic
  6224 | D:6      | Found an iron altar of Okawaru.
  6246 | D:6      | Identified the +1 chain mail of the Snail {Str+6 Slay-4}
  6532 | D:6      | Reached skill level 8 in Air Magic
  6788 | D:6      | Found Xougafo's Serpentskin Sales.
  7368 | D:6      | Learned a level 3 spell: Swiftness
  7392 | D:7      | Found a staircase to the Ecumenical Temple.
  7397 | D:7      | Reached skill level 9 in Air Magic
  8307 | D:8      | Reached skill level 10 in Air Magic
  8307 | D:8      | Reached XP level 9. HP: 42/51 MP: 13/17
  8754 | D:8      | Found a staircase to the Lair.
  8766 | D:8      | Reached skill level 5 in Fighting
  8875 | D:8      | Reached *** piety under Sif Muna
  9533 | D:8      | Reached skill level 11 in Air Magic
 10311 | D:8      | Found a runed translucent gate.
 10319 | D:8      | Reached skill level 12 in Air Magic
 10367 | D:8      | Found a runed translucent gate.
 10367 | D:8      | Found a runed translucent gate.
 10368 | D:8      | Found an opulent altar of Gozag.
 10369 | D:8      | Noticed tish's ghost (novice TrFi)
 11076 | D:8      | Reached XP level 10. HP: 59/59 MP: 7/20
 11279 | D:8      | Reached skill level 5 in Invocations
 12109 | D:8      | Found a staircase to the Lair.
 12581 | D:9      | Found a stormy altar of Qazlal.
 13319 | D:9      | Found an ornate altar of the Wu Jian Council.
 13360 | D:9      | Noticed a two-headed ogre
 13503 | D:9      | Killed a two-headed ogre
 13578 | D:9      | Found a staircase to the Orcish Mines.
 15056 | D:9      | Found a staircase to the Orcish Mines.
 15279 | D:9      | Found a stormy altar of Qazlal.
 15333 | D:9      | Found an ornate altar of the Wu Jian Council.
 15477 | D:10     | Entered Level 10 of the Dungeon
 15649 | D:10     | Found a flagged portal.
 15734 | Bailey   | Entered a bailey
 16232 | Bailey   | Found a bloodstained altar of Trog.
 16238 | Bailey   | Identified the +8 demon blade of the Beast {protect, rPois
                  | rC+++ Int+3 Stlth+}
 16295 | D:10     | Reached XP level 11. HP: 68/68 MP: 5/22
 17397 | D:10     | Reached skill level 13 in Air Magic
 17826 | D:10     | Reached **** piety under Sif Muna
 18258 | D:10     | Noticed Sonja
 18259 | D:10     | Killed Sonja
 18260 | D:10     | Reached skill level 14 in Air Magic
 18618 | D:11     | Noticed a manticore
 18625 | D:11     | Killed a manticore
 18877 | D:11     | Noticed a manticore
 18880 | D:11     | Killed a manticore
 18907 | D:11     | Noticed Grum
 18914 | D:11     | Killed Grum
 19391 | D:11     | Noticed a cyclops
 19426 | D:11     | Killed a cyclops
 19530 | D:11     | Found a glowing silver altar of Zin.
 19767 | D:11     | Noticed a cyclops
 19774 | D:11     | Killed a cyclops
 19775 | D:11     | Reached skill level 5 in Evocations
 20427 | D:12     | Found Cuses's Weapon Shop.
 20442 | D:12     | Noticed a cyan ugly thing
 20448 | D:12     | Killed a cyan ugly thing
 20740 | D:12     | Noticed a deep elf pyromancer
 20750 | D:12     | Killed a deep elf pyromancer
 20751 | D:12     | Reached XP level 12. HP: 69/76 MP: 0/25
 21288 | D:12     | Reached skill level 1 in Shields
 22270 | D:12     | Noticed a sun demon
 22501 | D:12     | Noticed a sphinx
 22502 | D:12     | Noticed a boulder beetle
 22505 | D:12     | Noticed a centaur warrior
 22506 | D:12     | Noticed a fire dragon
 22507 | D:12     | Noticed a six-headed hydra
 22513 | D:12     | Learned a level 1 spell: Apportation
 22516 | D:12     | Learned a level 2 spell: Blink
 22521 | D:12     | Learned a level 4 spell: Dispel Undead
 22651 | Lair:1   | Entered Level 1 of the Lair of Beasts
 22753 | Lair:1   | Found an ornate altar of the Wu Jian Council.
 23218 | Lair:1   | Reached skill level 5 in Shields
 23672 | Lair:1   | Noticed a boulder beetle
 24370 | Lair:2   | Reached skill level 1 in Necromancy
 25293 | Lair:2   | Reached ***** piety under Sif Muna
 25487 | Lair:2   | Reached skill level 5 in Necromancy
 25515 | Lair:2   | Reached skill level 1 in Translocations
 25626 | Lair:2   | Found a runed translucent door.
 25627 | Lair:2   | Noticed Rupert
 25781 | Lair:2   | Found a staircase to the Shoals.
 25789 | Lair:2   | Found a staircase to the Snake Pit.
 26286 | Lair:2   | Reached XP level 13. HP: 80/80 MP: 7/26
 29267 | Lair:3   | Received a gift from Sif Muna
 29401 | Lair:4   | Reached skill level 10 in Necromancy
 30776 | Lair:4   | Reached skill level 15 in Air Magic
 32791 | Lair:5   | Entered Level 5 of the Lair of Beasts
 32994 | Lair:5   | Reached skill level 5 in Long Blades
 33430 | Lair:4   | Reached XP level 14. HP: 73/86 MP: 27/27
 34870 | Lair:5   | Identified the "Gycka" (Sif Muna gifted it to you on level
                  | 5 of the Lair of Beasts)
 34870 | Lair:5   | Received a gift from Sif Muna
 35431 | Lair:5   | Found a staircase to the Slime Pits.
 35431 | Lair:5   | Found a viscous altar of Jiyva.
 37231 | Lair:5   | Reached skill level 10 in Fighting
 37921 | Lair:5   | Identified the +5 morningstar of Victory {chaos, rN+ Dex+2}
 38629 | Lair:5   | Found a viscous altar of Jiyva.
 38647 | Lair:5   | Found a staircase to the Slime Pits.
 39464 | Lair:5   | Found a staircase to the Slime Pits.
 39465 | Lair:5   | Found a viscous altar of Jiyva.
 39988 | D:8      | Learned a level 5 spell: Arcjolt
 40114 | D:13     | Reached skill level 10 in Spellcasting
 40400 | D:13     | Reached skill level 5 in Conjurations
 41014 | D:13     | Identified the +0 scale mail "Jyduuroh" {Harm rC- Str+8}
 41055 | D:13     | Reached XP level 15. HP: 68/92 MP: 11/30
 41797 | D:13     | Found a gate to the Vaults.
 41835 | D:13     | Found a gate to the Vaults.
 42285 | D:14     | Found Ohisapn's Mayhem Merchandise.
 42429 | D:14     | Found Hicishre's Jewellery Boutique.
 42436 | D:14     | Bought the ring of Numuwoaff {Contam MP+9 Str+6 Int+3
                  | Dex+4} for 1065 gold pieces
 42436 | D:14     | Bought an amulet of magic regeneration for 450 gold pieces
 42487 | D:14     | Found Quuwanaha's General Store.
 43181 | D:14     | Identified the +7 flail of Tartarus {heavy, rN+ Str+3 Int+3
                  | Dex+3}
 43446 | D:14     | Found Fuareuck's Antique Weapon Shop.
 43784 | D:15     | Entered Level 15 of the Dungeon
 44396 | D:14     | Found Ohisapn's Mayhem Merchandise.
 44569 | D:14     | Found Hicishre's Jewellery Boutique.
 44619 | D:14     | Found Fuareuck's Antique Weapon Shop.
 45285 | D:15     | Noticed Roxanne
 45797 | Orc:1    | Entered Level 1 of the Orcish Mines
 45932 | Orc:2    | Entered Level 2 of the Orcish Mines
 45959 | Orc:1    | Paralysed by an orc sorcerer for 5 turns
 46321 | Orc:2    | Found Kosheemi's Antique Weapon Boutique.
 46321 | Orc:2    | Found Zefiug's Book Shoppe.
 46321 | Orc:2    | Found Meusuzee's Armour Shoppe.
 46321 | Orc:2    | Found Alolos's Magic Scroll Shop.
 46611 | Orc:2    | Bought a scroll of acquirement for 572 gold pieces
 46611 | Orc:2    | Bought a scroll of enchant weapon for 82 gold pieces
 46611 | Orc:2    | Bought a scroll of teleportation for 33 gold pieces
 46611 | Orc:2    | Acquired the +1 buckler of the Akabeko {Int+5}
 46656 | Orc:2    | Reached skill level 10 in Shields
 46716 | Orc:2    | Received a gift from Sif Muna
 47340 | Orc:2    | Noticed Donald
 47454 | Orc:2    | Killed Donald
 47520 | Orc:2    | Reached skill level 16 in Air Magic
 48142 | Orc:2    | Found a staircase to the Elven Halls.
 48333 | Orc:2    | Found Kosheemi's Antique Weapon Boutique.
 48333 | Orc:2    | Found Zefiug's Book Shoppe.
 48334 | Orc:2    | Found Meusuzee's Armour Shoppe.
 48334 | Orc:2    | Found Alolos's Magic Scroll Shop.
 48575 | Orc:2    | Found a staircase to the Elven Halls.
 49129 | Orc:1    | Reached XP level 16. HP: 81/100 MP: 15/31
 49134 | Orc:2    | Reached skill level 17 in Air Magic
 49511 | Orc:1    | Identified the of Heyb (Sif Muna gifted it to you on level
                  | 1 of the Orcish Mines)
 49511 | Orc:1    | Received a gift from Sif Muna
 49989 | Shoals:1 | Entered Level 1 of the Shoals
 50094 | Shoals:1 | Noticed a kraken
 50114 | Snake:1  | Entered Level 1 of the Snake Pit
 51028 | Snake:1  | Reached skill level 18 in Air Magic
 51217 | Snake:1  | Noticed Mlioglotl
 53487 | D:15     | Reached skill level 10 in Conjurations
 55810 | D:15     | Found a staircase to the Depths.
 56026 | D:15     | Killed Roxanne
 57491 | Snake:2  | Found a bloodstained altar of Trog.
 57532 | Snake:2  | You are sucked into a shaft and drop 1 floor!
 57584 | Snake:3  | Found a transporter.
 57649 | Snake:3  | Found a transporter.
 58044 | Snake:3  | Noticed Vashnia
 58059 | Snake:3  | Received a gift from Sif Muna
 58258 | Snake:3  | Reached skill level 10 in Invocations
 58265 | Snake:3  | Reached skill level 1 in Ice Magic
 58495 | Snake:3  | Found a sparkling altar of Nemelex Xobeh.
 58821 | Snake:2  | Found Zufaloan's Jewellery Boutique.
 58823 | Snake:2  | Found Duvitatt's Armour Shop.
 58826 | Snake:2  | Found Qidiedao's Antique Armour Boutique.
 58843 | Snake:2  | Bought a +0 pair of gloves for 63 gold pieces
 58891 | Snake:2  | Reached XP level 17. HP: 104/104 MP: 24/32
 59067 | Snake:2  | Identified the +0 leather armour of the Realm of Zot
                  | {Rampage rF+ rC+ Will-}
 59324 | Snake:2  | Reached skill level 5 in Ice Magic
 61164 | Snake:3  | Identified the of Rakeobav (Sif Muna gifted it to you on
                  | level 3 of the Snake Pit)
 61164 | Snake:3  | Received a gift from Sif Muna
 61229 | Snake:2  | Learned a level 6 spell: Conjure Ball Lightning
 61548 | Snake:3  | Killed by an exploding ball lightning

Illustrated notes

Levels and vault maps discovered:
D:1:      minmay_arrival_solitary_statue, layout_basic
D:2:      layout_basic
D:3:      layout_loops_ring, gammafunk_ghost_grave,
          minmay_misc_feat_more_columns, chequers_serial_rivers_micro_a,
          minmay_misc_feat_hallway, uniq_sigmund, uniq_grinder, uniq_robin
D:4:      layout_basic, uniq_natasha, uniq_ijyb, uniq_menkaure
D:5:      minmay_angry_zag, layout_basic, nicolae_overflow_crystal_walls,
          nicolae_overflow_hidden_temple, serial_shops,
          nicolae_shop_tiny_waterfront
D:6:      layout_basic, okawaru_ov_weapons_minmay, guppyfry_shop_venom
D:7:      layout_cave_pools, minmay_temple_entry_mist, corexii_leaking_fountain,
          ebering_dispersal_statue_hall
D:8:      layout_loops_ring, minmay_lair_entry_grove, ebering_ghost_gozag
D:9:      layout_roguey, nicolae_qazlal_style_of_elements,
          nicolae_wu_jian_immortal_techniques, orc_0_dummy
D:10:     layout_small_grid, enter_bailey_3, uniq_sonja
D:11:     erik_rubicon_a, layout_small_grid, serial_bayou, serial_bayou_pond_a,
          serial_bayou_pond_a, serial_bayou_pond_d, serial_bayou_pond_a,
          zin_statuary, uniq_grum
D:12:     layout_loops_corners, serial_shops, nicolae_shop_bloodbath_and_beyond,
          onia_ninara_dug_in_and_dangerous
D:13:     layout_rooms, david_vaults_1, nicolae_burly_brawl
D:14:     layout_basic, nicolae_two_hexagons, serial_shops,
          nicolae_shop_just_a_little_nook, shop, shop, minmay_shop_mayhem
D:15:     grunt_enter_depths_magical_seal, layout_long_grid,
          grunt_decor_clamped, uniq_roxanne
Lair:1:   layout_chaotic_city, basic_altar
Lair:2:   layout_small_grid, elwin_shoals_entry_rocks,
          minmay_snake_entry_guardpost_small, serial_bayou_ford_a,
          pdpol_lair_cabin_in_the_woods
Lair:3:   layout_gridlike, beast_lair_carwin_7, grunt_megastairs_4
Lair:4:   layout_cave_shapes
Lair:5:   grunt_lair_end_beastmaster, layout_loops_ring,
          nicolae_slime_entry_slimehenge, amcnicky_mini_pool_medium
Shoals:1: layout_shoals, nicolae_shoals_siren_and_animal_friends
Snake:1:  layout_onion_interference, grunt_megastairs_3, serial_bayou_shore_a,
          uniq_mlioglotl
Snake:2:  layout_chambers, basic_altar, serial_bayou_lake_a, minmay_shop_star,
          grunt_megastairs_5
Snake:3:  gammafunk_sealed_arena, layout_layer_cave, basic_altar,
          nicolae_integral_box, uniq_vashnia
Orc:1:    layout_diamond_mine, david_defended_altar_orc
Orc:2:    st_orc_ogre_mass, layout_caves, basic_altar, bh_open_orc_temple,
          uniq_rupert, uniq_donald

Skill      XL: |  1  2  3  4  5  6  7  8  9 10 11 12 13 14 15 16 17 |
---------------+----------------------------------------------------+-----
Short Blades   | 3 |  3.0
Invocations    | 1 2 3 4 7 8 10 | 10.0
Spellcasting   | 1 3 4 5 6 7 8 10 | 10.0
Conjurations   | 3 6 8 12 | 12.0
Air Magic      | 4 5 10 12 14 15 16 18 | 18.0
Fighting       | 5 8 9 10 11 | 11.0
Evocations     | 5 |  5.0
Shields        | 7 10 | 10.0
Necromancy     | 5 10 | 10.0
Translocations | 2 |  2.0
Long Blades    | 6 9 |  9.7
Dodging        | 4 |  4.0
Ice Magic      | 3 8 |  8.4
Stealth        | |  5.0

Action                     |  1- 3 |  4- 6 |  7- 9 | 10-12 | 13-15 | 16-18 || total
---------------------------+-------+-------+-------+-------+-------+-------++-------
  Melee: Falchion          |    22 |   129 |    90 |       |       |       ||   241
         Kick              |     2 |    28 |    51 |    38 |   117 |    41 ||   277
         Peck              |     2 |    17 |    28 |    18 |    64 |    33 ||   162
         Punch             |       |     1 |       |     2 |       |       ||     3
         Dagger            |       |       |    96 |    22 |       |       ||   118
         Demon blade       |       |       |       |    89 |   258 |   116 ||   463
   Cast: Airstrike         |       |       |    80 |   370 |   713 |   414 ||  1577
         Swiftness         |       |       |       |     3 |     3 |     2 ||     8
         Blink             |       |       |       |       |     1 |     1 ||     2
         Arcjolt           |       |       |       |       |    13 |    45 ||    58
         Conjure Ball Ligh |       |       |       |       |       |    10 ||    10
 Invoke: Channel Magic     |       |       |       |     5 |     2 |     1 ||     8
  Evoke: Wand              |     1 |       |       |       |     2 |     9 ||    12
         Condenser vane    |       |       |       |       |       |     1 ||     1
    Use: Scroll            |     1 |     6 |     3 |    15 |    17 |     7 ||    49
         Potion            |       |     3 |     2 |       |     2 |     4 ||    11
   Stab: Sleeping          |     4 |    11 |     2 |       |     2 |     1 ||    20
         Paralysed         |       |       |       |       |       |     2 ||     2
 Armour: Leather armour    |     7 |    48 |    86 |   107 |   200 |     4 ||   452
         Skin              |       |     1 |       |       |       |       ||     1
         Robe              |       |       |       |       |       |   151 ||   151
  Dodge: Dodged            |    11 |    90 |   162 |   167 |   240 |   133 ||   803
  Block: Buckler           |       |       |       |     1 |   147 |    75 ||   223

Table legend: (Time is in decaauts)
 A = Elapsed time spent in this place.
 B = Non-inter-level travel time spent in this place.
 C = Inter-level travel time spent in this place.
 D = Time resting spent in this place.
 E = Time spent auto-exploring this place.
 F = Levels seen in this place.
 G = Mean time per level.
                   A        B        C        D        E       F      G
               +--------+--------+--------+--------+--------+-----+--------+
         Total |  61638 |  58575 |   3063 |  31606 |  17534 |  27 | 2282.9 |
       Dungeon |  32883 |  30758 |   2125 |  15652 |   9915 |  15 | 2192.2 |
          Lair |  17771 |  17047 |    724 |  10161 |   5182 |   5 | 3554.2 |
        Shoals |    113 |    113 |      0 |    100 |      2 |   1 |  113.0 |
     Snake Pit |   6284 |   6140 |    144 |   3364 |   1168 |   3 | 2094.7 |
  Orcish Mines |   4039 |   3971 |     68 |   1927 |   1256 |   2 | 2019.5 |
        Bailey |    546 |    546 |      0 |    402 |     11 |   1 |  546.0 |
               +--------+--------+--------+--------+--------+-----+--------+

Top non-repeatable levels by time:
  Lair:5: 5510 daAuts
  Lair:4: 4478 daAuts
    D:15: 4345 daAuts
     D:8: 4333 daAuts
    D:14: 3558 daAuts
  Lair:2: 3363 daAuts
 Snake:2: 3362 daAuts
   Orc:2: 3148 daAuts
  Lair:3: 2861 daAuts
    D:10: 2475 daAuts
    D:11: 2474 daAuts
     D:9: 2363 daAuts
    D:12: 2273 daAuts
    D:13: 1947 daAuts
     D:7: 1701 daAuts
